 Dungeon Crawl Stone Soup version 0.16-a0-110-ge8ded92 (webtiles) character file.

175 billmawashi the Slinger (level 5, 0/32 HPs)
             Began as a Halfling Hunter on Aug 10, 2014.
             Slain by an orc
             ... wielding a +0 falchion
              (6 damage)
             ... on Level 4 of the Dungeon.
             The game lasted 00:06:52 (2595 turns).

billmawashi the Slinger (Halfling Hunter)           Turns: 2595, Time: 00:06:52

HP   0/32        AC  3     Str 12      XL: 5   Next: 85%
MP   5/5         EV 13     Int 10      God:
Gold 257         SH  0     Dex 16      Spells:  0 memorised,  4 levels left

rFire  . . .     SeeInvis .     b - +1 hunting sling
rCold  . . .     Clarity  .     d - +0 leather armour
rNeg   . . .     rCorr    .     (no shield)
rPois  .         rRot     .     (no helmet)
rElec  .         Spirit   .     (no cloak)
SustAb .         Warding  .     (no gloves)
rMut   .         Stasis   .     (no boots)
Gourm  .                        (no amulet)
MR     .....                    (no ring)
                                (no ring)

@: not resistant to hostile enchantments, unstealthy
A: mutation resistance 1
a: no special abilities


You were on level 4 of the Dungeon.
You were near starving.

You visited 1 branch of the dungeon, and saw 4 of its levels.

You collected 257 gold pieces.

Inventory:

Hand weapons
 a - a +0 short sword
 b - a +1 hunting sling (weapon)
 C - the +8 dagger of Clianis {vamp, Dex+2, unknown}
   (You found it on level 4 of the Dungeon)

   It inflicts no extra harm, but heals its wielder somewhat when it strikes a
   living foe.
   It affects your dexterity (+2).
Missiles
 g - 67 stones (quivered)
Armour
 d - a +0 leather armour (worn)
 v - a +0 shield
Magical devices
 y - a wand of flame (13) {unknown}
Comestibles
 f - 3 bread rations
 l - 2 meat rations
 w - 2 fruits
Scrolls
 h - 3 scrolls of random uselessness {unknown}
 k - a scroll of recharging {unknown}
 n - a scroll of identify {unknown}
 p - a scroll of teleportation {unknown}
 t - a scroll of fog {unknown}
 u - a scroll of remove curse {unknown}
 A - a scroll of amnesia {unknown}
 B - a scroll of enchant armour {unknown}
Jewellery
 c - an uncursed ring of sustain abilities {unknown}
 i - an uncursed ring of poison resistance {unknown}
Potions
 e - 2 potions of degeneration {unknown}
 j - a potion of mutation {unknown}
 m - 4 potions of heal wounds {unknown}
 o - a potion of flight {unknown}
 q - a potion of might {unknown}
 r - a potion of confusion {unknown}
 s - 2 potions of cancellation {unknown}
 x - a potion of restore abilities {unknown}
 z - a potion of poison {unknown}


   Skills:
 + Level 0.8 Fighting
 + Level 9.4 Slings
 - Level 2.2 Dodging
 + Level 1.2 Stealth


You had 4 spell levels left.
You didn't know any spells.

Dungeon Overview and Level Annotations

Branches:
Dungeon (4/15)             Temple (0/1) D:4

Altars:


Innate Abilities, Weirdness & Mutations

You are small and have problems with some larger weapons.
You are somewhat resistant to further mutation.


Message History

The stone hits the orc but does no damage.
The orc is almost dead.
Firing (i - inventory):
g - 69 stones (quivered)
Press: ? - help, Shift-Dir - straight line, f/p - orc
Aim: an orc, wielding a falchion and wearing a ring mail (almost dead)
You shoot a stone.
The stone hits the orc but does no damage.
The orc is almost dead.
The orc hits you with a falchion!
* * * LOW HITPOINT WARNING * * *
You are too injured to fight recklessly!
You are too injured to fight recklessly!
Firing (i - inventory):
g - 68 stones (quivered)
Press: ? - help, Shift-Dir - straight line, f/p - orc
Aim: an orc, wielding a falchion and wearing a ring mail (almost dead)
You shoot a stone.
The stone hits the orc but does no damage.
The orc is almost dead.
The orc hits you with a falchion.
You die...

#.# ########### #.#
#...........
....###'###............
#........................
.........................
..>.....................
.......................
#.....######....).♣.♣....
.....+.@o('.((((..>..((.
....######......♣=♣....
... #.......?..
.......#.....#
........#....##
........#......
........###... .......#
.. ##...#


You could see an orc.

Vanquished Creatures
  A scorpion (D:3)
  An orc priest (D:4)
  An adder (D:3)
  4 worms
  3 giant geckos
  3 oozes
  An orc (D:4)
  6 bats
  3 giant cockroaches
  4 goblins
  8 hobgoblins
  5 kobolds
  A quokka (D:3)
  5 giant newts
  8 rats
54 creatures vanquished.

Notes
Turn   | Place    | Note
--------------------------------------------------------------
     0 | D:1      | billmawashi, the Halfling Hunter, began the quest for the Orb.
     0 | D:1      | Reached XP level 1. HP: 12/12 MP: 1/1
   121 | D:1      | Reached skill level 6 in Slings
   275 | D:1      | Reached XP level 2. HP: 18/18 MP: 2/2
   857 | D:2      | Reached XP level 3. HP: 17/22 MP: 3/3
   993 | D:2      | Reached skill level 7 in Slings
  1321 | D:2      | Reached XP level 4. HP: 27/27 MP: 4/4
  1958 | D:3      | Reached skill level 8 in Slings
  2062 | D:3      | Reached skill level 9 in Slings
  2062 | D:3      | Reached XP level 5. HP: 32/32 MP: 5/5
  2557 | D:4      | Found a staircase to the Ecumenical Temple.
  2565 | D:4      | Got a fine dagger
  2595 | D:4      | Slain by an orc

Action                   |  1- 3 |  4- 6 || total
-------------------------+-------+-------++-------
 Fire: Hunting sling     |   118 |    74 ||   192
  Eat: Chunk             |       |     3 ||     3
